Americans vs Icehogs
(R1)
Created - February 24, 2024 at 19:26
Goals
|
| Americans |
1 |
1 |
2 |
4 |
| Icehogs |
5 |
0 |
4 |
9 |
|
Shots
|
| Americans |
9 |
8 |
13 |
30 |
| Icehogs |
15 |
3 |
15 |
33 |
|
1st period
1. Icehogs , Andrew Poturalski 7 (Mikhail Grigorenko 42, Hudson Fasching 40) at 1:50 (PP)
2. Icehogs , Mikhail Grigorenko 36 (Hudson Fasching 41, Patrick Sieloff 12) at 9:10
3. Icehogs , J.T. Brown 21 (Nick Paul 20, Thomas DiPauli 2) at 9:44
4. Icehogs , Duncan Siemens 5 (Nick Paul 21, J.T. Brown 33) at 11:41 (PP)
5. Americans , Charlie McAvoy 3 (Dillon Heatherington 22, Teemu Pulkkinen 19) at 11:51
6. Icehogs , Myles Bell 13 (Kurtis Gabriel 16, Nikita Scherbak 11) at 19:40
Penalties :
Xavier Bouchard (Roc) for Cross-checking (Minor) at 1:38, Teemu Pulkkinen (Roc) for Hooking (Minor) at 10:14
2nd period
7. Americans , Jakub Vrana 25 (Joel Eriksson Ek 49, Teemu Pulkkinen 20) at 15:25
Penalties :
Teemu Pulkkinen (Roc) for High sticking (Double Minor) at 0:03, Julius Honka (Roc) for Slashing (Minor) at 3:53, Xavier Bouchard (Roc) for Hooking (Minor) at 11:16
3rd period
8. Americans , Joel Eriksson Ek 34 (Teemu Pulkkinen 21, Dillon Heatherington 23) at 2:50 (PP)
9. Americans , Maxim Mamin 6 (Joel Teasdale 2, Nathan Noel 5) at 6:09
10. Icehogs , J.T. Brown 22 (Michael Rasmussen 15) at 6:50
11. Icehogs , Nikita Scherbak 18 (Calle Andersson 12, Kurtis Gabriel 17) at 9:45
12. Icehogs , Ross Johnston 5 (Patrick Sieloff 13, Thomas DiPauli 3) at 17:50
13. Icehogs , Nick Paul 18 (J.T. Brown 34, Patrick Sieloff 14) at 18:24
Penalties :
Duncan Siemens (Roc) for Holding Stick (Minor) at 0:17, Adam Boqvist (Roc) for Charging (Minor) at 2:31, Jakub Vrana (Roc) for Holding (Minor) at 7:07
Goalie Stats
Connor Hellebyuk (Roc), 7 saves from 11 shots - (0.636), 11:41 minutes
Peyton Jones (Roc), 17 saves from 22 shots - (0.773), L, 0-5-1, 48:19 minutes
Mackenzie Blackwood (Roc), 26 saves from 30 shots - (0.867), W, 26-16-1, 60:00 minutes
Players Stats for Americans
Player Name G A P +/- PIM S H SB GA TA FO MP PP MP PK MP
------------------------------------------------------------------------------------
Charlie McAvoy 1 0 1 0 0 2 4 1 0 2 0/0 27:52 2:51 5:19
Daniel Sprong 0 0 0 -3 0 1 0 0 0 0 0/1 10:59 0:00 0:00
Dillon Heatherington 0 2 2 0 0 1 1 4 0 0 0/0 27:52 2:51 5:19
Jakub Vrana 1 0 1 1 2 4 2 1 0 1 0/1 17:55 2:30 0:00
Joel Eriksson Ek 1 1 2 1 0 3 2 0 1 0 15/31 21:09 2:30 3:20
Joel Teasdale 0 1 1 0 0 0 0 0 0 1 0/0 8:05 0:00 0:31
John Leonard 0 0 0 -3 0 2 0 0 2 0 0/0 12:17 0:00 1:15
Matt Grzelcyk 0 0 0 -2 0 3 1 1 1 1 0/0 20:20 1:17 3:33
Maxim Mamin 1 0 1 0 0 1 0 0 1 0 2/2 8:18 0:00 0:44
Nathan Noel 0 1 1 0 0 0 3 0 0 0 0/0 7:34 0:00 0:00
Richard Nejezchleb 0 0 0 -2 0 2 0 0 0 0 0/0 13:51 1:37 0:00
Ryan Fitzgerald 0 0 0 -3 0 3 0 0 1 0 4/5 13:57 0:09 2:23
Spencer Stastney 0 0 0 -2 0 0 0 0 0 0 0/0 11:48 0:00 0:35
Tanner Richard 0 0 0 -2 0 2 3 1 1 0 7/18 18:31 1:30 4:38
Tarmo Reunanen 0 0 0 -2 0 0 1 1 0 0 0/0 20:20 1:17 3:33
Teemu Pulkkinen 0 3 3 1 6 4 2 0 2 0 2/3 20:11 2:31 2:23
Vladimir Tkachev 0 0 0 -2 0 2 4 0 1 1 1/1 17:31 1:37 3:40
Xavier Bouchard 0 0 0 -2 4 0 0 1 0 0 0/0 11:49 0:00 0:35
Players Stats for Icehogs
Player Name G A P +/- PIM S H SB GA TA FO MP PP MP PK MP
------------------------------------------------------------------------------------
Adam Boqvist 0 0 0 1 2 1 1 1 0 1 0/0 12:54 0:39 1:28
Andrew Poturalski 1 0 1 0 0 2 1 0 0 0 18/32 19:37 4:09 0:00
Calle Andersson 0 1 1 2 0 1 1 1 0 1 0/0 20:42 4:01 1:50
Duncan Siemens 1 0 1 2 2 1 1 1 1 0 0/0 19:08 4:01 0:44
Hudson Fasching 0 2 2 0 0 4 0 1 1 0 4/9 22:03 4:12 2:06
J.T. Brown 2 2 4 2 0 7 1 1 0 0 1/1 20:05 4:12 2:11
Jeremy Davies 0 0 0 1 0 0 0 0 0 0 0/0 11:38 0:44 0:00
JJ. Piccinich 0 0 0 0 0 0 0 0 0 0 0/0 0:54 0:54 0:00
Julius Honka 0 0 0 1 2 0 1 1 0 0 0/0 23:42 4:46 1:29
Kristian Reichel 0 0 0 0 0 0 1 0 0 0 0/0 1:08 0:11 0:57
Kurtis Gabriel 0 2 2 0 0 2 1 0 0 1 0/0 10:41 0:34 0:00
Maxim Letunov 0 0 0 0 0 0 1 0 0 2 4/9 10:07 0:00 0:00
Michael Rasmussen 0 1 1 2 0 0 0 1 0 0 2/8 18:10 4:12 0:25
Mikhail Grigorenko 1 1 2 0 0 5 2 0 1 0 0/1 21:35 4:21 1:38
Myles Bell 1 0 1 0 0 2 0 0 0 0 0/0 10:55 0:29 0:19
Nick Paul 1 2 3 2 0 1 3 0 0 0 0/0 18:25 4:12 0:40
Nikita Scherbak 1 1 2 2 0 1 0 0 1 0 0/0 7:00 0:00 0:00
Patrick Russell 0 0 0 0 0 0 0 0 0 0 0/0 0:55 0:55 0:00
Patrick Sieloff 0 3 3 1 0 4 1 0 2 4 0/0 27:40 4:42 2:18
Ross Johnston 1 0 1 2 0 1 1 0 0 0 0/0 7:00 0:00 0:00
Thomas DiPauli 0 2 2 2 0 1 1 0 0 1 2/2 7:00 0:00 0:00
Zach Whitecloud 0 0 0 0 0 0 0 0 0 0 0/0 4:21 0:00 0:27
3 Stars
1 - J.T. Brown (Roc)
2 - Nick Paul (Roc)
3 - Nikita Scherbak (Roc)
Power Play
Americans - 1 on 3 Attempt(s) - 33.33%
Icehogs - 2 on 6 Attempt(s) - 33.33%
Penalty Kill
Americans - 4 on 6 Attempt(s) - 66.67%
- Score 0 goal in Penalty Kill
Icehogs - 2 on 3 Attempt(s) - 66.67%
- Score 0 goal in Penalty Kill
Team Stat
Americans - Hits : 23 - Faceoff Wins : 31 - Blocked Shots : 10 - Penalty Minutes : 12
Icehogs - Hits : 17 - Faceoff Wins : 31 - Blocked Shots : 7 - Penalty Minutes : 6
Official
Referees : Frederick L'Ecuyer and Chris Lee
Linesman : Jonny Murray and Steve Miller
Game Notes
Peyton Jones enters game at 11:41 of 1st period
Finance
Level 1 -- Attendance: 1979 (98.95%) -- Ticket Income $138,530
Level 2 -- Attendance: 975 (97.50%) -- Ticket Income $39,000
Total Attendance: 2954 (98.47%)
Total Ticket Income: $177,530
Other Income: $8,876
Total Income: $186,406
Americans
5 vs 5 Forward
Center Left Wing Right Wing Time % Phy DF OF
1 Joel Eriksson Ek Teemu Pulkkinen Jakub Vrana 40 1 2 2
2 Tanner Richard Vladimir Tkachev Richard Nejezchleb 30 1 2 2
3 Ryan Fitzgerald John Leonard Daniel Sprong 20 1 2 2
4 Maxim Mamin Joel Teasdale Nathan Noel 10 1 2 2
5 vs 5 Defense
Defense Defense Time % Phy DF OF
1 Dillon Heatherington Charlie McAvoy 40 1 2 2
2 Matt Grzelcyk Tarmo Reunanen 30 1 2 2
3 Spencer Stastney Xavier Bouchard 20 1 2 2
4 Dillon Heatherington Charlie McAvoy 10 1 2 2
PowerPlay Forward
Center Left Wing Right Wing Time % Phy DF OF
1 Joel Eriksson Ek Teemu Pulkkinen Jakub Vrana 60 1 2 2
2 Tanner Richard Vladimir Tkachev Richard Nejezchleb 40 1 2 2
PowerPlay Defense
Defense Defense Time % Phy DF OF
1 Dillon Heatherington Charlie McAvoy 60 1 2 2
2 Matt Grzelcyk Tarmo Reunanen 40 1 2 2
Penalty Kill 4 Players Forward
Center Wing Time % Phy DF OF
1 Tanner Richard Teemu Pulkkinen 60 1 2 2
2 Joel Eriksson Ek Vladimir Tkachev 40 1 2 2
Penalty Kill 4 Players Defense
Defense Defense Time % Phy DF OF
1 Dillon Heatherington Charlie McAvoy 60 1 2 2
2 Matt Grzelcyk Tarmo Reunanen 40 1 2 2
Penalty Kill - 3 Players Forward
Forward Time % Phy DF OF
1 Tanner Richard 60 1 2 2
2 Joel Eriksson Ek 40 1 2 2
Penalty Kill - 3 Players Defense
Defense Defense Time % Phy DF OF
1 Dillon Heatherington Charlie McAvoy 60 1 2 2
2 Matt Grzelcyk Tarmo Reunanen 40 1 2 2
4 vs 4 Forward
Center Wing Time % Phy DF OF
1 Tanner Richard Teemu Pulkkinen 60 1 2 2
2 Joel Eriksson Ek Vladimir Tkachev 40 1 2 2
4 vs 4 Defense
Defense Defense Time % Phy DF OF
1 Dillon Heatherington Charlie McAvoy 60 1 2 2
2 Matt Grzelcyk Tarmo Reunanen 40 1 2 2
Last Minutes Offensive
Center Left Wing Right Wing Defense Defense
Tanner Richard Teemu Pulkkinen Jakub Vrana Dillon Heatherington Charlie McAvoy
Last Minutes Defensive
Center Left Wing Right Wing Defense Defense
Tanner Richard Teemu Pulkkinen Jakub Vrana Dillon Heatherington Charlie McAvoy
Goaltenders
Starting : Connor Hellebyuk
Backup : Peyton Jones
Extra Forwards
Normal : Ryan Fitzgerald, Richard Nejezchleb, Vladimir Tkachev - PP : Ryan Fitzgerald, Richard Nejezchleb - PK : Ryan Fitzgerald
Extra Defensemen
Normal : Tarmo Reunanen, Spencer Stastney, Xavier Bouchard - PP : Tarmo Reunanen - PK : Tarmo Reunanen, Spencer Stastney
Penalty Shots
Teemu Pulkkinen, Tanner Richard, Jakub Vrana, Joel Eriksson Ek, Ryan Fitzgerald
Custom OT Lines Forwards
Teemu Pulkkinen, Tanner Richard, Jakub Vrana, Joel Eriksson Ek, Ryan Fitzgerald, Richard Nejezchleb, Vladimir Tkachev, Maxim Mamin, Nathan Noel, Daniel Sprong
Custom OT Lines Defensemen
Dillon Heatherington, Charlie McAvoy, Matt Grzelcyk, Tarmo Reunanen, Spencer Stastney
Scratches
Alex Schoenborn (Healthy), Cameron Hughes (Healthy), Jonas Brodin (Healthy), Justin Bailey (Healthy), Dmitri Semykin (Healthy)
Zachary Senyshyn (Healthy), Lauri Pajuniemi (Healthy)
Icehogs
5 vs 5 Forward
Center Left Wing Right Wing Time % Phy DF OF
1 Andrew Poturalski Mikhail Grigorenko Hudson Fasching 40 1 2 2
2 Michael Rasmussen Nick Paul J.T. Brown 30 1 2 2
3 Maxim Letunov Myles Bell Kurtis Gabriel 20 1 2 2
4 Thomas DiPauli Ross Johnston Nikita Scherbak 10 1 2 2
5 vs 5 Defense
Defense Defense Time % Phy DF OF
1 Patrick Sieloff Julius Honka 40 1 2 2
2 Duncan Siemens Calle Andersson 30 1 2 2
3 Jeremy Davies Adam Boqvist 20 1 2 2
4 Zach Whitecloud Patrick Sieloff 10 1 2 2
PowerPlay Forward
Center Left Wing Right Wing Time % Phy DF OF
1 Andrew Poturalski Mikhail Grigorenko Hudson Fasching 60 1 2 2
2 Michael Rasmussen Nick Paul J.T. Brown 40 1 2 2
PowerPlay Defense
Defense Defense Time % Phy DF OF
1 Patrick Sieloff Julius Honka 60 1 2 2
2 Duncan Siemens Calle Andersson 40 1 2 2
Penalty Kill 4 Players Forward
Center Wing Time % Phy DF OF
1 Hudson Fasching J.T. Brown 60 1 2 2
2 Mikhail Grigorenko Nick Paul 40 1 2 2
Penalty Kill 4 Players Defense
Defense Defense Time % Phy DF OF
1 Patrick Sieloff Julius Honka 60 1 2 2
2 Duncan Siemens Calle Andersson 40 1 2 2
Penalty Kill - 3 Players Forward
Forward Time % Phy DF OF
1 Hudson Fasching 60 1 2 2
2 J.T. Brown 40 1 2 2
Penalty Kill - 3 Players Defense
Defense Defense Time % Phy DF OF
1 Patrick Sieloff Julius Honka 60 1 2 2
2 Duncan Siemens Calle Andersson 40 1 2 2
4 vs 4 Forward
Center Wing Time % Phy DF OF
1 Hudson Fasching J.T. Brown 60 1 2 2
2 Mikhail Grigorenko Nick Paul 40 1 2 2
4 vs 4 Defense
Defense Defense Time % Phy DF OF
1 Patrick Sieloff Julius Honka 60 1 2 2
2 Duncan Siemens Calle Andersson 40 1 2 2
Last Minutes Offensive
Center Left Wing Right Wing Defense Defense
Andrew Poturalski Mikhail Grigorenko Hudson Fasching Patrick Sieloff Julius Honka
Last Minutes Defensive
Center Left Wing Right Wing Defense Defense
Andrew Poturalski Mikhail Grigorenko Hudson Fasching Patrick Sieloff Julius Honka
Goaltenders
Starting : Mackenzie Blackwood
Backup : Oscar Dansk
Extra Forwards
Normal : Patrick Russell, JJ. Piccinich, Kristian Reichel - PP : Patrick Russell, JJ. Piccinich - PK : Kristian Reichel
Extra Defensemen
Normal : Jeremy Davies, Adam Boqvist, Zach Whitecloud - PP : Jeremy Davies - PK : Adam Boqvist, Zach Whitecloud
Penalty Shots
Hudson Fasching, J.T. Brown, Mikhail Grigorenko, Nick Paul, Myles Bell
Custom OT Lines Forwards
Hudson Fasching, J.T. Brown, Mikhail Grigorenko, Nick Paul, Myles Bell, Kurtis Gabriel, Andrew Poturalski, Nikita Scherbak, Michael Rasmussen, Patrick Russell
Custom OT Lines Defensemen
Patrick Sieloff, Julius Honka, Duncan Siemens, Calle Andersson, Jeremy Davies
Scratches
Clark Bishop (Healthy), Declan Chisholm (Healthy), Dillon Dube (Abdomen/Ribs Injury), Jackson Cates (Healthy), Mitchell Chaffee (Healthy)
Gabriel Fortier (Healthy), Petr Kvaca (Healthy)
% Time on Ice - Americans
Lines # - Real PCT - Wanted PCT - Time Play
Normal Forward
1 - 33% - 40% - 15:29
2 - 26% - 30% - 12:14
3 - 24% - 20% - 10:59
4 - 16% - 10% - 7:34
Normal Defense
1 - 38% - 40% - 17:46
2 - 33% - 30% - 15:21
3 - 24% - 20% - 11:13
4 - 4% - 10% - 1:56
PP Forward
1 - 61% - 60% - 2:31
2 - 39% - 40% - 1:37
PP Defense
1 - 69% - 60% - 2:51
2 - 31% - 40% - 1:17
PK Forward
1 - 84% - 60% - 7:59
2 - 16% - 40% - 1:28
PK Defense
1 - 62% - 60% - 5:54
2 - 38% - 40% - 3:33
PK3 Forward
1 - 0% - 60%
2 - 0% - 40%
PK3 Defense
1 - 0% - 60%
2 - 0% - 40%
44 Forward
1 - 100% - 60% - 0:09
2 - 0% - 40% - 0:00
44 Defense
1 - 0% - 60% - 0:00
2 - 100% - 40% - 0:09
Last Minute Offensive - 0:00
Last Minute Defensive - 0:00
Total
Forward - 60:00
Defense - 60:00
|
% Time on Ice - Icehogs
Lines # - Real PCT - Wanted PCT - Time Play
Normal Forward
1 - 34% - 40% - 15:36
2 - 29% - 30% - 13:33
3 - 22% - 20% - 10:07
4 - 15% - 10% - 7:00
Normal Defense
1 - 38% - 40% - 17:46
2 - 31% - 30% - 14:15
3 - 23% - 20% - 10:48
4 - 7% - 10% - 3:27
PP Forward
1 - 53% - 60% - 5:01
2 - 47% - 40% - 4:26
PP Defense
1 - 51% - 60% - 4:47
2 - 49% - 40% - 4:40
PK Forward
1 - 84% - 60% - 3:28
2 - 16% - 40% - 0:40
PK Defense
1 - 63% - 60% - 2:35
2 - 38% - 40% - 1:33
PK3 Forward
1 - 0% - 60%
2 - 0% - 40%
PK3 Defense
1 - 0% - 60%
2 - 0% - 40%
44 Forward
1 - 100% - 60% - 0:09
2 - 0% - 40% - 0:00
44 Defense
1 - 0% - 60% - 0:00
2 - 100% - 40% - 0:09
Last Minute Offensive - 0:00
Last Minute Defensive - 0:00
Total
Forward - 60:00
Defense - 60:00
|
Play-by-Play
1st period
0:01 of 1st period - Andrew Poturalski wins face-off versus Joel Eriksson Ek in neutral zone.
0:26 of 1st period - Julius Honka is hit by Tanner Richard and loses puck.
0:34 of 1st period - Icing by Patrick Sieloff.
0:35 of 1st period - Ryan Fitzgerald wins face-off versus Michael Rasmussen in Icehogs zone.
0:36 of 1st period - Slapshot by Matt Grzelcyk.
0:36 of 1st period - Stopped by Mackenzie Blackwood with a rebound.
0:54 of 1st period - Wrist shot by Nick Paul.
0:54 of 1st period - Shot Misses the Net.
1:00 of 1st period - Snap shot by J.T. Brown.
1:00 of 1st period - Stopped by Connor Hellebyuk with a rebound.
1:10 of 1st period - Snap shot by J.T. Brown.
1:10 of 1st period - Shot Misses the Net.
1:12 of 1st period - Slapshot by Patrick Sieloff.
1:12 of 1st period - Shot Misses the Net.
1:14 of 1st period - Slapshot by Patrick Sieloff.
1:14 of 1st period - Shot Blocked by Matt Grzelcyk.
1:18 of 1st period - Snap shot by J.T. Brown.
1:18 of 1st period - Stopped by Connor Hellebyuk with a rebound.
1:34 of 1st period - Wrist shot by J.T. Brown.
1:34 of 1st period - Deflect By Matt Grzelcyk.
1:34 of 1st period - Shot Misses the Net.
1:34 of 1st period - Puck is out of play.
1:35 of 1st period - Maxim Letunov wins face-off versus Tanner Richard in Americans zone.
1:36 of 1st period - Snap shot by Myles Bell.
1:36 of 1st period - Shot Misses the Net.
1:38 of 1st period - Minor Penalty to Xavier Bouchard for Cross-checking.
1:39 of 1st period - Andrew Poturalski wins face-off versus Tanner Richard in Americans zone.
1:48 of 1st period - Wrist shot by Mikhail Grigorenko.
1:48 of 1st period - Stopped by Connor Hellebyuk with a rebound.
1:50 of 1st period - Wrist shot by Andrew Poturalski.
1:50 of 1st period - Goal by Andrew Poturalski - Americans : 0 - Icehogs : 1.
1:51 of 1st period - Joel Eriksson Ek wins face-off versus Hudson Fasching in neutral zone.
2:16 of 1st period - Maxim Letunov is hit by Tanner Richard and loses puck.
2:45 of 1st period - Duncan Siemens is hit by Nathan Noel and loses puck.
2:58 of 1st period - Backhand shot by Ryan Fitzgerald.
2:58 of 1st period - Stopped by Mackenzie Blackwood with a rebound.
3:20 of 1st period - Wrist shot by Tanner Richard.
3:20 of 1st period - Stopped by Mackenzie Blackwood without a rebound.
3:21 of 1st period - Michael Rasmussen wins face-off versus Tanner Richard in Icehogs zone.
3:28 of 1st period - Slapshot by Vladimir Tkachev.
3:28 of 1st period - Stopped by Mackenzie Blackwood with a rebound.
4:49 of 1st period - Snap shot by Nick Paul.
4:49 of 1st period - Shot Blocked by Dillon Heatherington.
4:51 of 1st period - Wrist shot by J.T. Brown.
4:51 of 1st period - Shot Blocked by Dillon Heatherington.
4:53 of 1st period - Slapshot by Patrick Sieloff.
4:53 of 1st period - Stopped by Connor Hellebyuk without a rebound.
4:54 of 1st period - J.T. Brown wins face-off versus Joel Eriksson Ek in Americans zone.
5:29 of 1st period - Wrist shot by Hudson Fasching.
5:29 of 1st period - Deflect By Mikhail Grigorenko.
5:29 of 1st period - Shot Blocked by Dillon Heatherington.
5:29 of 1st period - Puck is out of play.
5:30 of 1st period - Andrew Poturalski wins face-off versus Tanner Richard in Americans zone.
5:57 of 1st period - Snap shot by Mikhail Grigorenko.
5:57 of 1st period - Stopped by Connor Hellebyuk with a rebound.
6:02 of 1st period - Off-side.
6:03 of 1st period - Teemu Pulkkinen wins face-off versus Maxim Letunov in neutral zone.
6:10 of 1st period - Wrist shot by Jeremy Davies.
6:10 of 1st period - Shot Blocked by Charlie McAvoy.
6:31 of 1st period - Off-side.
6:32 of 1st period - Maxim Mamin wins face-off versus Michael Rasmussen in neutral zone.
7:19 of 1st period - Joel Eriksson Ek is hit by Maxim Letunov and loses puck.
7:26 of 1st period - Slapshot by Charlie McAvoy.
7:26 of 1st period - Deflect By Joel Eriksson Ek.
7:26 of 1st period - Stopped by Mackenzie Blackwood without a rebound.
7:27 of 1st period - Ryan Fitzgerald wins face-off versus Andrew Poturalski in Icehogs zone.
8:08 of 1st period - Wrist shot by Hudson Fasching.
8:08 of 1st period - Shot Misses the Net.
8:22 of 1st period - Snap shot by Hudson Fasching.
8:22 of 1st period - Stopped by Connor Hellebyuk with a rebound.
8:50 of 1st period - Snap shot by John Leonard.
8:50 of 1st period - Shot Misses the Net.
8:52 of 1st period - Wrist shot by Daniel Sprong.
8:52 of 1st period - Stopped by Mackenzie Blackwood with a rebound.
9:10 of 1st period - Snap shot by Mikhail Grigorenko.
9:10 of 1st period - Goal by Mikhail Grigorenko - Americans : 0 - Icehogs : 2.
9:11 of 1st period - Maxim Letunov wins face-off versus Joel Eriksson Ek in neutral zone.
9:44 of 1st period - Snap shot by J.T. Brown.
9:44 of 1st period - Goal by J.T. Brown - Americans : 0 - Icehogs : 3.
9:45 of 1st period - Thomas DiPauli wins face-off versus Tanner Richard in neutral zone.
10:14 of 1st period - Minor Penalty to Teemu Pulkkinen for Hooking.
10:15 of 1st period - Andrew Poturalski wins face-off versus Tanner Richard in Americans zone.
10:16 of 1st period - Snap shot by Hudson Fasching.
10:16 of 1st period - Stopped by Connor Hellebyuk with a rebound.
10:30 of 1st period - Slapshot by Tanner Richard.
10:30 of 1st period - Shot Misses the Net.
10:49 of 1st period - Slapshot by Nick Paul.
10:49 of 1st period - Shot Blocked by Dillon Heatherington.
11:39 of 1st period - Wrist shot by Nick Paul.
11:39 of 1st period - Shot Misses the Net.
11:41 of 1st period - Slapshot by Duncan Siemens.
11:41 of 1st period - Goal by Duncan Siemens - Americans : 0 - Icehogs : 4.
11:41 of 1st period - Peyton Jones enters game.
11:42 of 1st period - Joel Eriksson Ek wins face-off versus Andrew Poturalski in neutral zone.
11:47 of 1st period - Wrist shot by Teemu Pulkkinen.
11:47 of 1st period - Shot Blocked by Julius Honka.
11:49 of 1st period - Snap shot by Dillon Heatherington.
11:49 of 1st period - Shot Misses the Net.
11:51 of 1st period - Slapshot by Charlie McAvoy.
11:51 of 1st period - Goal by Charlie McAvoy - Americans : 1 - Icehogs : 4.
11:52 of 1st period - Joel Eriksson Ek wins face-off versus Mikhail Grigorenko in neutral zone.
11:57 of 1st period - Snap shot by Teemu Pulkkinen.
11:57 of 1st period - Shot Misses the Net.
12:31 of 1st period - Snap shot by Richard Nejezchleb.
12:31 of 1st period - Stopped by Mackenzie Blackwood with a rebound.
12:33 of 1st period - Wrist shot by Vladimir Tkachev.
12:33 of 1st period - Stopped by Mackenzie Blackwood without a rebound.
12:34 of 1st period - Tanner Richard wins face-off versus Maxim Letunov in Icehogs zone.
13:01 of 1st period - Jakub Vrana is hit by Nick Paul and loses puck.
13:20 of 1st period - Snap shot by Nikita Scherbak.
13:20 of 1st period - Shot Misses the Net.
13:28 of 1st period - Dillon Heatherington is hit by Ross Johnston and loses puck.
13:33 of 1st period - Slapshot by Calle Andersson.
13:33 of 1st period - Stopped by Peyton Jones with a rebound.
13:42 of 1st period - Off-side.
13:43 of 1st period - Andrew Poturalski wins face-off versus Ryan Fitzgerald in neutral zone.
13:48 of 1st period - Wrist shot by Mikhail Grigorenko.
13:48 of 1st period - Shot Misses the Net.
13:50 of 1st period - Wrist shot by Andrew Poturalski.
13:50 of 1st period - Stopped by Peyton Jones without a rebound.
13:51 of 1st period - Ryan Fitzgerald wins face-off versus Michael Rasmussen in Americans zone.
14:22 of 1st period - Snap shot by Nick Paul.
14:22 of 1st period - Shot Misses the Net.
15:21 of 1st period - Snap shot by Nick Paul.
15:21 of 1st period - Deflect By J.T. Brown.
15:21 of 1st period - Stopped by Peyton Jones without a rebound.
15:22 of 1st period - Andrew Poturalski wins face-off versus Joel Eriksson Ek in Americans zone.
16:42 of 1st period - Vladimir Tkachev is hit by Kurtis Gabriel and loses puck.
17:07 of 1st period - Hudson Fasching is hit by Joel Eriksson Ek and loses puck.
18:47 of 1st period - Slapshot by John Leonard.
18:47 of 1st period - Shot Misses the Net.
19:19 of 1st period - Thomas DiPauli is hit by Jakub Vrana and loses puck.
19:40 of 1st period - Slapshot by Myles Bell.
19:40 of 1st period - Goal by Myles Bell - Americans : 1 - Icehogs : 5.
19:41 of 1st period - Joel Eriksson Ek wins face-off versus Andrew Poturalski in neutral zone.
19:57 of 1st period - Duncan Siemens is hit by Charlie McAvoy.
Goals for this period are 1 for Americans vs 5 for Icehogs.
Shots for this period are 9 for Americans vs 15 for Icehogs.
2nd period
0:01 of 2nd period - Joel Eriksson Ek wins face-off versus Andrew Poturalski in neutral zone.
0:03 of 2nd period - Double Minor Penalty to Teemu Pulkkinen for High sticking.
0:04 of 2nd period - Tanner Richard wins face-off versus Andrew Poturalski in Americans zone.
0:04 of 2nd period - Tanner Richard is hit by Patrick Sieloff.
0:46 of 2nd period - Wrist shot by Mikhail Grigorenko.
0:46 of 2nd period - Shot Blocked by Tarmo Reunanen.
2:03 of 2nd period - Nick Paul is hit by Charlie McAvoy and loses puck.
2:20 of 2nd period - Matt Grzelcyk is hit by Duncan Siemens and loses puck.
3:53 of 2nd period - Minor Penalty to Julius Honka for Slashing.
3:54 of 2nd period - Hudson Fasching wins face-off versus Tanner Richard in Icehogs zone.
4:03 of 2nd period - Penalty to Teemu Pulkkinen is over, Teemu Pulkkinen is back on ice.
4:14 of 2nd period - Snap shot by Joel Eriksson Ek.
4:14 of 2nd period - Shot Misses the Net.
4:16 of 2nd period - Slapshot by Teemu Pulkkinen.
4:16 of 2nd period - Shot Blocked by Calle Andersson.
4:30 of 2nd period - Snap shot by Hudson Fasching.
4:30 of 2nd period - Shot Blocked by Tanner Richard.
4:38 of 2nd period - Calle Andersson is hit by Tanner Richard and loses puck.
5:53 of 2nd period - Penalty to Julius Honka is over, Julius Honka is back on ice.
7:55 of 2nd period - Jeremy Davies is hit by Dillon Heatherington and loses puck.
8:38 of 2nd period - Snap shot by Mikhail Grigorenko.
8:38 of 2nd period - Shot Blocked by Jakub Vrana.
8:40 of 2nd period - Wrist shot by Hudson Fasching.
8:40 of 2nd period - Stopped by Peyton Jones without a rebound.
8:41 of 2nd period - Vladimir Tkachev wins face-off versus Michael Rasmussen in Americans zone.
8:41 of 2nd period - Vladimir Tkachev is hit by Calle Andersson.
9:00 of 2nd period - Icing by Tarmo Reunanen.
9:01 of 2nd period - Tanner Richard wins face-off versus Maxim Letunov in Americans zone.
9:57 of 2nd period - Backhand shot by Teemu Pulkkinen.
9:57 of 2nd period - Stopped by Mackenzie Blackwood with a rebound.
11:04 of 2nd period - Slapshot by J.T. Brown.
11:04 of 2nd period - Shot Misses the Net.
11:16 of 2nd period - Minor Penalty to Xavier Bouchard for Hooking.
11:17 of 2nd period - Andrew Poturalski wins face-off versus Tanner Richard in Americans zone.
11:42 of 2nd period - Charlie McAvoy is hit by Nick Paul and loses puck.
13:16 of 2nd period - Penalty to Xavier Bouchard is over, Xavier Bouchard is back on ice.
13:34 of 2nd period - Snap shot by Kurtis Gabriel.
13:34 of 2nd period - Shot Misses the Net.
13:44 of 2nd period - Maxim Mamin is hit by Thomas DiPauli and loses puck.
13:49 of 2nd period - Slapshot by Patrick Sieloff.
13:49 of 2nd period - Stopped by Peyton Jones without a rebound.
13:50 of 2nd period - Thomas DiPauli wins face-off versus Joel Eriksson Ek in Americans zone.
13:55 of 2nd period - Slapshot by Nikita Scherbak.
13:55 of 2nd period - Shot Misses the Net.
14:05 of 2nd period - Patrick Sieloff is hit by Teemu Pulkkinen and loses puck.
14:26 of 2nd period - Wrist shot by John Leonard.
14:26 of 2nd period - Stopped by Mackenzie Blackwood without a rebound.
14:27 of 2nd period - Andrew Poturalski wins face-off versus Tanner Richard in Icehogs zone.
14:40 of 2nd period - Slapshot by Hudson Fasching.
14:40 of 2nd period - Shot Misses the Net.
14:42 of 2nd period - Slapshot by Calle Andersson.
14:42 of 2nd period - Shot Misses the Net.
15:13 of 2nd period - Wrist shot by Nick Paul.
15:13 of 2nd period - Deflect By Charlie McAvoy.
15:13 of 2nd period - Shot Misses the Net.
15:13 of 2nd period - Puck is out of play.
15:14 of 2nd period - Joel Eriksson Ek wins face-off versus Michael Rasmussen in Americans zone.
15:25 of 2nd period - Wrist shot by Joel Eriksson Ek.
15:25 of 2nd period - Deflect By Jakub Vrana.
15:25 of 2nd period - Goal by Jakub Vrana - Americans : 2 - Icehogs : 5.
15:26 of 2nd period - Andrew Poturalski wins face-off versus Joel Eriksson Ek in neutral zone.
15:41 of 2nd period - Wrist shot by Teemu Pulkkinen.
15:41 of 2nd period - Shot Misses the Net.
16:38 of 2nd period - Calle Andersson is hit by Tarmo Reunanen and loses puck.
17:03 of 2nd period - Snap shot by Teemu Pulkkinen.
17:03 of 2nd period - Shot Misses the Net.
17:21 of 2nd period - Slapshot by Matt Grzelcyk.
17:21 of 2nd period - Deflect By Ryan Fitzgerald.
17:21 of 2nd period - Stopped by Mackenzie Blackwood with a rebound.
17:23 of 2nd period - Snap shot by Ryan Fitzgerald.
17:23 of 2nd period - Shot Blocked by Michael Rasmussen.
17:25 of 2nd period - Slapshot by Matt Grzelcyk.
17:25 of 2nd period - Shot Misses the Net.
17:31 of 2nd period - Wrist shot by John Leonard.
17:31 of 2nd period - Stopped by Mackenzie Blackwood with a rebound.
17:45 of 2nd period - Snap shot by Richard Nejezchleb.
17:45 of 2nd period - Stopped by Mackenzie Blackwood without a rebound.
17:46 of 2nd period - Maxim Letunov wins face-off versus Joel Eriksson Ek in Icehogs zone.
17:46 of 2nd period - Maxim Letunov is hit by Joel Eriksson Ek.
17:51 of 2nd period - Off-side.
17:52 of 2nd period - Andrew Poturalski wins face-off versus Jakub Vrana in neutral zone.
17:55 of 2nd period - Snap shot by Hudson Fasching.
17:55 of 2nd period - Shot Misses the Net.
18:39 of 2nd period - Snap shot by Teemu Pulkkinen.
18:39 of 2nd period - Shot Blocked by Adam Boqvist.
18:51 of 2nd period - Snap shot by Teemu Pulkkinen.
18:51 of 2nd period - Stopped by Mackenzie Blackwood without a rebound.
18:52 of 2nd period - Tanner Richard wins face-off versus Andrew Poturalski in Icehogs zone.
19:18 of 2nd period - Tarmo Reunanen is hit by J.T. Brown and loses puck.
19:27 of 2nd period - Snap shot by John Leonard.
19:27 of 2nd period - Deflect By Ryan Fitzgerald.
19:27 of 2nd period - Stopped by Mackenzie Blackwood with a rebound.
19:37 of 2nd period - Snap shot by J.T. Brown.
19:37 of 2nd period - Stopped by Peyton Jones with a rebound.
19:50 of 2nd period - Kurtis Gabriel is hit by Nathan Noel and loses puck.
Goals for this period are 1 for Americans vs 0 for Icehogs.
Shots for this period are 8 for Americans vs 3 for Icehogs.
3rd period
0:01 of 3rd period - Joel Eriksson Ek wins face-off versus Andrew Poturalski in neutral zone.
0:13 of 3rd period - Snap shot by Jakub Vrana.
0:13 of 3rd period - Stopped by Mackenzie Blackwood without a rebound.
0:14 of 3rd period - Andrew Poturalski wins face-off versus Joel Eriksson Ek in Icehogs zone.
0:14 of 3rd period - Andrew Poturalski is hit by Teemu Pulkkinen.
0:17 of 3rd period - Minor Penalty to Duncan Siemens for Holding Stick.
0:18 of 3rd period - Joel Eriksson Ek wins face-off versus Hudson Fasching in Icehogs zone.
0:18 of 3rd period - Snap shot by Teemu Pulkkinen.
0:18 of 3rd period - Deflect By Julius Honka.
0:18 of 3rd period - Shot Blocked by J.T. Brown.
0:18 of 3rd period - Puck is out of play.
0:19 of 3rd period - Joel Eriksson Ek wins face-off versus Hudson Fasching in Icehogs zone.
0:20 of 3rd period - Wrist shot by Teemu Pulkkinen.
0:20 of 3rd period - Stopped by Mackenzie Blackwood without a rebound.
0:21 of 3rd period - Joel Eriksson Ek wins face-off versus Hudson Fasching in Icehogs zone.
0:22 of 3rd period - Wrist shot by Teemu Pulkkinen.
0:22 of 3rd period - Shot Misses the Net.
0:24 of 3rd period - Snap shot by Dillon Heatherington.
0:24 of 3rd period - Stopped by Mackenzie Blackwood without a rebound.
0:25 of 3rd period - Teemu Pulkkinen wins face-off versus Hudson Fasching in Icehogs zone.
0:26 of 3rd period - Snap shot by Joel Eriksson Ek.
0:26 of 3rd period - Shot Blocked by Hudson Fasching.
0:30 of 3rd period - Wrist shot by Joel Eriksson Ek.
0:30 of 3rd period - Stopped by Mackenzie Blackwood without a rebound.
0:31 of 3rd period - Hudson Fasching wins face-off versus Joel Eriksson Ek in Icehogs zone.
1:44 of 3rd period - Matt Grzelcyk is hit by Kristian Reichel.
2:17 of 3rd period - Penalty to Duncan Siemens is over, Duncan Siemens is back on ice.
2:20 of 3rd period - Slapshot by Kurtis Gabriel.
2:20 of 3rd period - Stopped by Peyton Jones with a rebound.
2:22 of 3rd period - Slapshot by Adam Boqvist.
2:22 of 3rd period - Stopped by Peyton Jones without a rebound.
2:23 of 3rd period - Maxim Letunov wins face-off versus Daniel Sprong in Americans zone.
2:24 of 3rd period - Wrist shot by Kurtis Gabriel.
2:24 of 3rd period - Stopped by Peyton Jones without a rebound.
2:25 of 3rd period - Ryan Fitzgerald wins face-off versus Maxim Letunov in Americans zone.
2:31 of 3rd period - Minor Penalty to Adam Boqvist for Charging.
2:32 of 3rd period - Hudson Fasching wins face-off versus Joel Eriksson Ek in Icehogs zone.
2:32 of 3rd period - Hudson Fasching is hit by Jakub Vrana.
2:40 of 3rd period - Icing by Joel Eriksson Ek.
2:41 of 3rd period - Hudson Fasching wins face-off versus Joel Eriksson Ek in Americans zone.
2:48 of 3rd period - Snap shot by Joel Eriksson Ek.
2:48 of 3rd period - Shot Misses the Net.
2:50 of 3rd period - Snap shot by Joel Eriksson Ek.
2:50 of 3rd period - Goal by Joel Eriksson Ek - Americans : 3 - Icehogs : 5.
2:51 of 3rd period - Joel Eriksson Ek wins face-off versus Andrew Poturalski in neutral zone.
3:50 of 3rd period - Slapshot by Matt Grzelcyk.
3:50 of 3rd period - Stopped by Mackenzie Blackwood with a rebound.
3:52 of 3rd period - Snap shot by John Leonard.
3:52 of 3rd period - Shot Misses the Net.
4:41 of 3rd period - Icing by Tarmo Reunanen.
4:42 of 3rd period - Tanner Richard wins face-off versus Michael Rasmussen in Americans zone.
4:47 of 3rd period - J.T. Brown is hit by Vladimir Tkachev and loses puck.
4:56 of 3rd period - Wrist shot by J.T. Brown.
4:56 of 3rd period - Stopped by Peyton Jones with a rebound.
5:17 of 3rd period - Off-side.
5:18 of 3rd period - Joel Eriksson Ek wins face-off versus Andrew Poturalski in neutral zone.
5:18 of 3rd period - Joel Eriksson Ek is hit by Julius Honka.
6:07 of 3rd period - Snap shot by Maxim Mamin.
6:07 of 3rd period - Shot Hit the Post.
6:09 of 3rd period - Wrist shot by Joel Teasdale.
6:09 of 3rd period - Deflect By Maxim Mamin.
6:09 of 3rd period - Goal by Maxim Mamin - Americans : 4 - Icehogs : 5.
6:10 of 3rd period - Joel Eriksson Ek wins face-off versus Andrew Poturalski in neutral zone.
6:37 of 3rd period - Calle Andersson is hit by Charlie McAvoy and loses puck.
6:44 of 3rd period - Slapshot by Patrick Sieloff.
6:44 of 3rd period - Stopped by Peyton Jones without a rebound.
6:45 of 3rd period - Michael Rasmussen wins face-off versus Tanner Richard in Americans zone.
6:50 of 3rd period - Slapshot by J.T. Brown.
6:50 of 3rd period - Goal by J.T. Brown - Americans : 4 - Icehogs : 6.
6:51 of 3rd period - Andrew Poturalski wins face-off versus Joel Eriksson Ek in neutral zone.
7:07 of 3rd period - Minor Penalty to Jakub Vrana for Holding.
7:08 of 3rd period - Tanner Richard wins face-off versus Andrew Poturalski in Americans zone.
7:08 of 3rd period - Tanner Richard is hit by Mikhail Grigorenko.
7:16 of 3rd period - Off-side.
7:17 of 3rd period - Andrew Poturalski wins face-off versus Tanner Richard in neutral zone.
7:23 of 3rd period - Off-side.
7:24 of 3rd period - Tanner Richard wins face-off versus Andrew Poturalski in neutral zone.
7:27 of 3rd period - Hudson Fasching is hit by Charlie McAvoy and loses puck.
8:21 of 3rd period - Snap shot by Hudson Fasching.
8:21 of 3rd period - Stopped by Peyton Jones with a rebound.
8:37 of 3rd period - Dillon Heatherington is hit by Nick Paul.
9:07 of 3rd period - Penalty to Jakub Vrana is over, Jakub Vrana is back on ice.
9:27 of 3rd period - Slapshot by Matt Grzelcyk.
9:27 of 3rd period - Stopped by Mackenzie Blackwood with a rebound.
9:29 of 3rd period - Snap shot by Joel Teasdale.
9:29 of 3rd period - Shot Misses the Net.
9:45 of 3rd period - Snap shot by Nikita Scherbak.
9:45 of 3rd period - Goal by Nikita Scherbak - Americans : 4 - Icehogs : 7.
9:46 of 3rd period - Andrew Poturalski wins face-off versus Teemu Pulkkinen in neutral zone.
9:57 of 3rd period - Slapshot by Adam Boqvist.
9:57 of 3rd period - Deflect By Mikhail Grigorenko.
9:57 of 3rd period - Stopped by Peyton Jones without a rebound.
9:58 of 3rd period - Joel Eriksson Ek wins face-off versus Andrew Poturalski in Americans zone.
10:13 of 3rd period - Snap shot by Teemu Pulkkinen.
10:13 of 3rd period - Stopped by Mackenzie Blackwood with a rebound.
10:15 of 3rd period - Snap shot by Jakub Vrana.
10:15 of 3rd period - Stopped by Mackenzie Blackwood with a rebound.
10:53 of 3rd period - Snap shot by Myles Bell.
10:53 of 3rd period - Stopped by Peyton Jones with a rebound.
11:17 of 3rd period - Slapshot by Jakub Vrana.
11:17 of 3rd period - Stopped by Mackenzie Blackwood with a rebound.
12:36 of 3rd period - Spencer Stastney is hit by Mikhail Grigorenko and loses puck.
12:51 of 3rd period - Adam Boqvist is hit by Nathan Noel and loses puck.
13:19 of 3rd period - Jeremy Davies is hit by Vladimir Tkachev and loses puck.
13:40 of 3rd period - Calle Andersson is hit by Vladimir Tkachev and loses puck.
14:07 of 3rd period - Duncan Siemens is hit by Vladimir Tkachev and loses puck.
14:12 of 3rd period - Snap shot by Tanner Richard.
14:12 of 3rd period - Stopped by Mackenzie Blackwood without a rebound.
14:13 of 3rd period - Joel Eriksson Ek wins face-off versus Andrew Poturalski in Icehogs zone.
14:40 of 3rd period - Ryan Fitzgerald is hit by Adam Boqvist and loses puck.
14:45 of 3rd period - Slapshot by Nikita Scherbak.
14:45 of 3rd period - Shot Misses the Net.
14:49 of 3rd period - Snap shot by Thomas DiPauli.
14:49 of 3rd period - Shot Misses the Net.
14:51 of 3rd period - Backhand shot by Patrick Sieloff.
14:51 of 3rd period - Shot Misses the Net.
15:02 of 3rd period - Icing by Maxim Letunov.
15:03 of 3rd period - Maxim Mamin wins face-off versus Maxim Letunov in Icehogs zone.
16:17 of 3rd period - Wrist shot by Vladimir Tkachev.
16:17 of 3rd period - Shot Blocked by Duncan Siemens.
16:19 of 3rd period - Slapshot by Charlie McAvoy.
16:19 of 3rd period - Stopped by Mackenzie Blackwood without a rebound.
16:20 of 3rd period - Andrew Poturalski wins face-off versus Joel Eriksson Ek in Icehogs zone.
16:33 of 3rd period - Snap shot by Mikhail Grigorenko.
16:33 of 3rd period - Stopped by Peyton Jones without a rebound.
16:34 of 3rd period - Andrew Poturalski wins face-off versus Joel Eriksson Ek in Americans zone.
16:37 of 3rd period - Snap shot by Mikhail Grigorenko.
16:37 of 3rd period - Shot Misses the Net.
17:01 of 3rd period - J.T. Brown is hit by Matt Grzelcyk.
17:34 of 3rd period - Snap shot by Kurtis Gabriel.
17:34 of 3rd period - Shot Blocked by Xavier Bouchard.
17:46 of 3rd period - Slapshot by Thomas DiPauli.
17:46 of 3rd period - Stopped by Peyton Jones with a rebound.
17:48 of 3rd period - Slapshot by Patrick Sieloff.
17:48 of 3rd period - Stopped by Peyton Jones with a rebound.
17:50 of 3rd period - Wrist shot by Ross Johnston.
17:50 of 3rd period - Goal by Ross Johnston - Americans : 4 - Icehogs : 8.
17:51 of 3rd period - Andrew Poturalski wins face-off versus Joel Eriksson Ek in neutral zone.
18:06 of 3rd period - Slapshot by Charlie McAvoy.
18:06 of 3rd period - Shot Misses the Net.
18:24 of 3rd period - Wrist shot by Nick Paul.
18:24 of 3rd period - Goal by Nick Paul - Americans : 4 - Icehogs : 9.
18:25 of 3rd period - Andrew Poturalski wins face-off versus Joel Eriksson Ek in neutral zone.
18:28 of 3rd period - Charlie McAvoy is hit by Andrew Poturalski and loses puck.
Goals for this period are 2 for Americans vs 4 for Icehogs.
Shots for this period are 13 for Americans vs 15 for Icehogs.